 Dungeon Crawl Stone Soup version 0.32-a0-975-g85d4e5bfdb (webtiles) character file.

Game seed: 12901118859426443372

275 Maxmaps the Cudgeller (level 6, -9/61 HPs)
             Began as an Oni Shapeshifter on Apr 18, 2024.
             Mangled by Blork the orc
             ... wielding a +0 glaive
              (11 damage)
             ... on level 4 of the Dungeon.
             The game lasted 00:03:42 (3059 turns).

Maxmaps the Cudgeller (Oni Shapeshifter)            Turns: 3059, Time: 00:03:44

Health: -9/61      AC:  3    Str: 18 (19) XL:     6   Next: 24%
Magic:  6/6        EV:  8    Int: 10 (13) God:
Gold:   180        SH:  0    Dex:  7 (8)  Spells: 5/5 levels left

rFire   . . .        m - +0 quarterstaff
rCold   . . .        (shield currently unavailable)
rNeg    . . .        a - +0 animal skin
rPois   .            (helmet currently unavailable)
rElec   .            (cloak currently unavailable)
rCorr   .            (gloves unavailable)
SInv    .            (boots unavailable)
Will    +....        (no amulet)
Stlth   +            k - ring of willpower
HPRegen 0.30/turn    (no ring)
MPRegen 0.10/turn

%: no passive effects
@: beast-form
A: beast (slay +1), large, unfitting armour, horns 1, tough skin 1, double
potion healing, drunken brawling
a: Begin Untransformation


You were on level 4 of the Dungeon.
You were a hulking beast.
You visited 1 branch of the dungeon, and saw 4 of its levels.

You collected 180 gold pieces.

Inventory:

Hand Weapons
 i - a +0 club
 m - a +0 quarterstaff (weapon)
Armour
 a - a +0 animal skin (worn)
Jewellery
 h - a ring of ice
 k - a ring of willpower (left hand)
 n - a +6 ring of dexterity
Talismans
 c - a beast talisman (active)
 d - a flux talisman
Wands
 l - a wand of flame (23)
Scrolls
 e - a scroll of brand weapon {unknown}
 f - 2 scrolls of immolation {unknown}
 j - 2 scrolls of identify {unknown}
 p - a scroll of vulnerability {unknown}
Potions
 b - a potion of lignification
 g - 2 potions of degeneration
 o - a potion of enlightenment {unknown}


   Skills:
 - Level 3.3 Fighting
 + Level 5.4 Maces & Flails
 - Level 1.7 Dodging
 - Level 2.6 Unarmed Combat
 - Level 3.0 Shapeshifting


You had 5 spell levels left.
You didn't know any spells.
Your spell library contained the following spells:

 Spells                   Type           Power      Damage    Failure   Level
 Jinxbite                 Hex            0%         N/A       50%         2
 Dazzling Flash           Conj/Hex       0%         N/A       75%         3
 Mephitic Cloud           Conj/Alch/Air  0%         N/A       75%         3
 Silence                  Hex/Air        0%         N/A       100%        5
 Yara's Violent Unravell  Hex/Alch       0%         3d3       100%        5
 Enfeeble                 Hex            0%         N/A       100%        7


Dungeon Overview and Level Annotations

Branches:
Dungeon (4/15)
 Temple: D:4-7

Altars:

Shops:
D:1 (   D:2 =

Annotations:
D:4 Blork the orc


Innate Abilities, Weirdness & Mutations

You are a hulking beast.
Your limbs bulge with bestial killing power. (Slay +1)
You are too large for most types of armour.
You have a pair of small horns on your head.
You have tough skin. (AC +1)
You gain doubled healing and magic from potions.
Whenever you drink a healing potion, you attack all around you.


Message History

Blork the orc hits you with a +0 glaive!
You are too injured to fight recklessly!
You are too injured to fight recklessly!
You are too injured to fight recklessly!
You are too injured to fight recklessly!
You are too injured to fight recklessly!
You are too injured to fight recklessly!
You are too injured to fight recklessly!
You are too injured to fight recklessly!
You are too injured to fight recklessly!
You are too injured to fight recklessly!
You are too injured to fight recklessly!
You are too injured to fight recklessly!
You are too injured to fight recklessly!
You are too injured to fight recklessly!
You are too injured to fight recklessly!
You are too injured to fight recklessly!
You barely miss Blork the orc.
Blork the orc is heavily wounded.
Blork the orc hits you with a +0 glaive.
* * * LOW HITPOINT WARNING * * *
The hobgoblin misses you. The hobgoblin barely misses you.
Blork the orc screams, "I can see the energies behind everything!
Can't you?"
Blork the orc gestures at you while chanting.
The magic dart hits you.
* * * LOW HITPOINT WARNING * * *
You hit Blork the orc.
Blork the orc is severely wounded.
The hobgoblin hits you but does no damage.
Blork the orc says, "I was weak, but now I'm strong.
And I'll get stronger."
Blork the orc points at you and mumbles some strange words.
The puff of frost hits you!
* * * LOW HITPOINT WARNING * * *
It was a potion of degeneration.
There was something very wrong with that liquid.
You feel weakened.
You feel dopey.
You feel clumsy. The hobgoblin barely misses you.
Blork the orc hits you with a +0 glaive!
You die...
Blork the orc shouts, "I believe in me!"

.#.####......
.............
...#.........
............. ............
........... ..
...............go# ...
................h# ....
.................##.....
.........................
........(................#
......##..................
.............##...........
..............#...........
##.##.....................
##........................


You could see Blork the orc and a hobgoblin.

Vanquished Creatures
  Menkaure (D:4)
  A hound (D:3)
  3 adders
  2 ribbon worms (D:2)
  2 dart slugs (D:1)
  4 orcs
  6 bats
  9 endoplasms
  2 giant cockroaches
  14 goblins
  6 hobgoblins
  3 jackals (D:1)
  6 kobolds
  3 quokkas
  8 ball pythons
  5 frilled lizards
  2 rats (D:1)
77 creatures vanquished.

Notes
Turn   | Place    | Note
-------+----------+-------------------------------------------
     0 | D:1      | Maxmaps the Oni Shapeshifter began the quest for the Orb.
     0 | D:1      | Reached XP level 1. HP: 19/19 MP: 1/1
    35 | D:1      | Reached XP level 2. HP: 19/29 MP: 2/2
   323 | D:1      | Found Kewnumn's Antique Weapon Shoppe.
   408 | D:1      | Reached skill level 1 in Maces & Flails
   414 | D:1      | Reached XP level 3. HP: 26/37 MP: 3/3
   796 | D:1      | Reached skill level 2 in Maces & Flails
  1042 | D:2      | Found Ywieshef's Jewellery Emporium.
  1252 | D:2      | Reached XP level 4. HP: 45/45 MP: 4/4
  1452 | D:2      | Reached skill level 3 in Maces & Flails
  1948 | D:3      | Reached XP level 5. HP: 36/53 MP: 5/5
  2464 | D:3      | Reached skill level 4 in Maces & Flails
  2867 | D:4      | Noticed Menkaure
  2877 | D:4      | Killed Menkaure
  2878 | D:4      | Reached skill level 5 in Maces & Flails
  2878 | D:4      | Reached XP level 6. HP: 26/61 MP: 6/6
  3049 | D:4      | Noticed Blork the orc
  3058 | D:4      | HP: 2/61 [Blork the orc/puff of frost (11)]
  3059 | D:4      | Mangled by Blork the orc

Illustrated notes

Levels and vault maps discovered:
D:1:      mainiacjoe_arrival_oval_in_oval, layout_basic, serial_shops, shop,
          minmay_door_square
D:2:      layout_basic, serial_shops, shop, st_stairs_4,
          minmay_misc_feat_nine_boxes, minmay_octomino_c4
D:3:      layout_basic
D:4:      layout_basic, nzn_hepliaklqana_mist_gate, dreamdust_gnoll_farm,
          uniq_blork_the_orc, uniq_menkaure

Skill      XL: |  1  2  3  4  5 |
---------------+----------------+-----
Fighting       | 2 3 |  3.3
Maces & Flails | 1 2 3 5 |  5.4
Dodging        | |  1.7
Unarmed Combat | |  2.6
Shapeshifting  | |  3.0

Action                     |  1- 3 |  4- 6 || total
---------------------------+-------+-------++-------
  Melee: Unarmed           |    24 |       ||    24
         Headbutt          |    13 |    17 ||    30
         Club              |    85 |    58 ||   143
         Quarterstaff      |       |    35 ||    35
    Use: Potion            |       |     1 ||     1
 Armour: Animal skin       |    89 |    73 ||   162
  Dodge: Dodged            |    54 |    37 ||    91

Table legend: (Time is in decaauts)
 A = Elapsed time spent in this place.
 B = Non-inter-level travel time spent in this place.
 C = Inter-level travel time spent in this place.
 D = Time resting spent in this place.
 E = Time spent auto-exploring this place.
 F = Levels seen in this place.
 G = Mean time per level.
                   A        B        C        D        E       F      G
               +--------+--------+--------+--------+--------+-----+--------+
         Total |   3088 |   2969 |    119 |    147 |   2314 |   4 |  772.0 |
       Dungeon |   3088 |   2969 |    119 |    147 |   2314 |   4 |  772.0 |
               +--------+--------+--------+--------+--------+-----+--------+

Top non-repeatable levels by time:
     D:3: 1045 daAuts
     D:1: 1004 daAuts
     D:2: 755 daAuts
     D:4: 283 daAuts
